 Dungeon Sprint DCSS version 0.27-a0-1325-g58a489ad9e (webtiles) character file.

Game seed: 13196068621639287718

8817 mhtbhm the Bludgeoner (level 11, -4/113 HPs)
             Began as a Minotaur Berserker on June 23, 2021.
             Was a High Priest of Trog.
             Slain by a ghost moth (11 damage)
             ... in the Dungeon (Sprint IV: "Fedhas' Mad Dash") on June 25, 2021.
             The game lasted 00:06:53 (3890 turns).

mhtbhm the Bludgeoner (Minotaur Berserker)          Turns: 3890, Time: 00:06:53

Health: -4/113     AC: 13    Str: 25      XL:     11   Next: 14%
Magic:  8/8        EV: 15    Int:  2 (4)  God:    Trog [*****.]
Gold:   3          SH:  0    Dex: 17      Spells: 10/10 levels left

rFire    . . .     SeeInvis .   d - +3 dire flail (vorpal)
rCold    . . .     Faith    .   (shield currently unavailable)
rNeg     . . .     Spirit   .   b - +5 scale mail of the Hart {Dex+7}
rPois    .         Reflect  .   (helmet restricted)
rElec    .         Harm     .   (no cloak)
rCorr    .         Rampage  .   (no gloves)
Will     ++...     NoTele   +   (no boots)
Stlth    +++.......             k - amulet of invisibility {+Inv}
HPRegen  1.28/turn              (no ring)
MPRegen  0.11/turn              (no ring)

@: lethally poisoned (-4 -> -31), strong-willed, on berserk cooldown, very
slightly contaminated, regenerating, slowed, invisible, very slow
A: horns 2, retaliatory headbutt, low mp 1
a: Renounce Religion, Evoke Invisibility, Berserk, Trog's Hand, Brothers in Arms


You were in the Dungeon.
You worshipped Trog.
Trog was extremely pleased with you.
You visited 1 branch You collected 221 gold pieces.
You spent 218 gold pieces at shops.

Inventory:

Hand Weapons
 a - a +5 antimagic great mace
 d - a +3 vorpal dire flail (weapon)
Missiles
 l - 2 boomerangs
Armour
 b - the +5 scale mail of the Hart (worn) {Dex+7}
   (You bought it in a shop in the Dungeon)

   It affects your dexterity (+7).
Jewellery
 k - the amulet of invisibility (around neck) {+Inv}
   (You found it in the Dungeon)

   [amulet of nothing]

   It lets you turn invisible.
 o - an amulet of reflection
Scrolls
 h - 2 scrolls of blinking
 j - a scroll of fog
 m - a scroll of vulnerability
 n - a scroll of torment {unknown}
Potions
 e - a potion of haste
 f - 2 potions of magic
 g - a potion of berserk rage
 i - 2 potions of mutation


   Skills:
 + Level 15.4 Fighting
 + Level 17.5 Maces & Flails
 + Level 10.8 Armour
 + Level 9.2 Dodging
 + Level 9.1 Stealth
 + Level 9.8 Evocations


You had 10 spell levels left.
You didn't know any spells.
Your spell library was empty.

Dungeon Overview and Level Annotations

Branches:
Dungeon (1/1)

Altars:
Cheibriados
Dithmenos
Elyvilon
Gozag
Hepliaklqana
Kikubaaqudgha
Makhleb
Nemelex Xobeh
Okawaru
Qazlal
Ru
Sif Muna
Trog
Uskayaw
Vehumet
Wu Jian
Xom
Yredelemnul
Zin
The Shining One
Beogh
Jiyva
Lugonu

Shops:
D [(=[*?(:[(:


Innate Abilities, Weirdness & Mutations

You have a pair of horns on your head.
You reflexively headbutt those who attack you in melee.
Your magical capacity is low. (-10% MP)


Message History

Something stings you!
You are poisoned.
Something poisons you!
You feel extremely sick.
You feel extremely sick.
Okay, then.
Your troll goes berserk!
You feel extremely sick. Something hits your troll. Something hits your troll!
Something completely misses your troll.
Unknown command.
You feel very sick. Something hits your troll. Something hits your troll!
Something stings your troll!
Your troll looks as sick as possible!
Something poisons your troll! Something hits your troll.
Something hits your troll! Something stings your troll.
Your troll dies!
Your troll's corpse disappears in a puff of smoke!
Unknown command.
You feel very sick. Something hits you but does no damage. Something hits you!
You feel dopey. Something stings you.
You are lethally poisoned!
Something poisons you!
Unknown command.
You thump something! Your headbutt misses something.
* * * LOW HITPOINT WARNING * * *
You feel extremely sick. Something hits you but does no damage.
Something hits you.
* * * LOW HITPOINT WARNING * * *
You feel dopey. Something barely misses you.
Your skin crawls.
You feel strong-willed.
* * * LOW HITPOINT WARNING * * *
You feel extremely sick. Something barely misses you. Something hits you!
You die...

#.....♣..♣..######♣♣♣♣♣
##'####'######..'......
#).#....'.......#♣..♣♣♣
#..#.|###......[#.♣♣.)♣
#######################
#......................
#∩................)..).
#∩....{..............P.
#∩....@..............P.
###########+###########


There were no monsters in sight!

Vanquished Creatures
  Agnes (D)
  A spriggan defender (D)
  A spriggan berserker (D)
  A spriggan druid (D)
  6 oklob plants (D)
  2 demonic crawlers (D)
  3 burning bushes (D)
  A queen bee (D)
  3 hornets (D)
  2 wandering mushrooms (D)
  3 scorpions (D)
  4 killer bees (D)
  5 oklob saplings (D)
  6 spriggans (D)
  A river rat (D)
  A rat (D)
  A ballistomycete spore (D)
42 creatures vanquished.

Vanquished Creatures (collateral kills)
  A spriggan (D)
  A bush (D)
2 creatures vanquished.

Vanquished Creatures (others)
  A wandering mushroom (D)
  A ballistomycete spore (D)
2 creatures vanquished.

Grand Total: 46 creatures vanquished

Notes
Turn   | Place    | Note
-------+----------+-------------------------------------------
     0 | D        | mhtbhm the Minotaur Berserker began the quest for the Orb.
     0 | D        | Reached XP level 1. HP: 19/19 MP: 0/0
    10 | D        | Reached skill level 4 in Maces & Flails
    10 | D        | Reached XP level 2. HP: 28/28 MP: 1/1
    57 | D        | Noticed an oklob sapling
    58 | D        | Killed an oklob sapling
    58 | D        | Reached ** piety under Trog
    59 | D        | Reached skill level 5 in Fighting
    59 | D        | Reached skill level 6 in Maces & Flails
    59 | D        | Reached XP level 3. HP: 37/37 MP: 2/2
    98 | D        | Noticed a scorpion
    99 | D        | Found the amulet of invisibility {+Inv}
   100 | D        | Killed a scorpion
   101 | D        | Reached skill level 7 in Maces & Flails
   101 | D        | Reached XP level 4. HP: 47/47 MP: 3/3
   147 | D        | Found an opulent altar of Gozag.
   147 | D        | Found a hazy altar of Hepliaklqana.
   147 | D        | Found a burning altar of Makhleb.
   147 | D        | Found a sparkling altar of Nemelex Xobeh.
   147 | D        | Found a snail-covered altar of Cheibriados.
   147 | D        | Found a sacrificial altar of Ru.
   147 | D        | Found a shimmering blue altar of Sif Muna.
   147 | D        | Found a shimmering altar of Xom.
   147 | D        | Found a basalt altar of Yredelemnul.
   148 | D        | Found an ornate altar of the Wu Jian Council.
   161 | D        | Found a viscous altar of Jiyva.
   161 | D        | Found a bloodstained altar of Trog.
   162 | D        | Found an iron altar of Okawaru.
   162 | D        | Found a shadowy altar of Dithmenos.
   162 | D        | Found a glowing silver altar of Zin.
   163 | D        | Found an ancient bone altar of Kikubaaqudgha.
   163 | D        | Found a hide-covered altar of Uskayaw.
   164 | D        | Found a stormy altar of Qazlal.
   164 | D        | Found a white marble altar of Elyvilon.
   164 | D        | Found a glowing golden altar of the Shining One.
   165 | D        | Found a corrupted altar of Lugonu.
   165 | D        | Found a radiant altar of Vehumet.
   172 | D        | Reached skill level 8 in Maces & Flails
   172 | D        | Reached XP level 5. HP: 53/53 MP: 1/4
   216 | D        | Reached skill level 9 in Maces & Flails
   417 | D        | Reached *** piety under Trog
   418 | D        | Reached skill level 1 in Evocations
   462 | D        | Reached skill level 10 in Maces & Flails
   463 | D        | Reached skill level 5 in Armour
   463 | D        | Reached XP level 6. HP: 64/64 MP: 5/5
   463 | D        | Reached **** piety under Trog
   612 | D        | Found Taemi Ekys's Assorted Antiques.
   612 | D        | Found Vouluid's Armour Emporium.
   622 | D        | Noticed a burning bush
   622 | D        | Noticed a wandering mushroom
   623 | D        | Noticed a wandering mushroom
   637 | D        | Reached skill level 10 in Fighting
   637 | D        | Reached skill level 11 in Maces & Flails
   637 | D        | Reached skill level 5 in Dodging
   637 | D        | Reached skill level 1 in Stealth
  1157 | D        | Noticed a queen bee
  1176 | D        | Killed a queen bee
  1176 | D        | Reached ***** piety under Trog
  1177 | D        | Reached skill level 12 in Maces & Flails
  1177 | D        | Reached XP level 7. HP: 39/74 MP: 4/6
  1392 | D        | Noticed an oklob plant
  1402 | D        | Killed an oklob plant
  1402 | D        | Received a gift from Trog
  1403 | D        | Reached skill level 13 in Maces & Flails
  1403 | D        | Reached skill level 5 in Evocations
  1403 | D        | Reached XP level 8. HP: 83/83 MP: 7/7
  1490 | D        | Noticed a burning bush
  1496 | D        | Killed a burning bush
  1531 | D        | Noticed a burning bush
  1531 | D        | Noticed an oklob plant
  1532 | D        | Noticed a wandering mushroom
  1536 | D        | Killed a burning bush
  1537 | D        | Reached skill level 14 in Maces & Flails
  1853 | D        | Killed a wandering mushroom
  1857 | D        | Killed an oklob plant
  1858 | D        | Reached skill level 5 in Stealth
  1858 | D        | Reached XP level 9. HP: 68/93 MP: 0/8
  1861 | D        | Identified the +1 scale mail of Defence {Contam rN+ Dex+5}
  2036 | D        | Upgraded the game from 0.27-a0-1322-gfdffb62a71 to
                  | 0.27-a0-1325-g58a489ad9e
  2054 | D        | Noticed a spriggan druid
  2060 | D        | Killed a spriggan druid
  2061 | D        | Reached skill level 15 in Maces & Flails
  2117 | D        | Noticed an oklob plant conjurer
  2122 | D        | Killed an oklob plant conjurer
  2122 | D        | Received a gift from Trog
  2251 | D        | Noticed an oklob plant
  2251 | D        | Noticed an oklob plant summoner
  2252 | D        | Noticed an oklob plant shifter
  2258 | D        | Killed an oklob plant
  2261 | D        | Killed an oklob plant summoner
  2262 | D        | Reached skill level 16 in Maces & Flails
  2265 | D        | Killed an oklob plant shifter
  2266 | D        | Reached XP level 10. HP: 103/103 MP: 7/9
  2606 | D        | Noticed a spriggan rider
  2608 | D        | Reached ****** piety under Trog
  2608 | D        | Received a gift from Trog
  2609 | D        | Found Tirior Faxu's Antique Weapon Emporium.
  2621 | D        | Killed a spriggan rider
  2631 | D        | Found Weonofeo's Book Shoppe.
  2759 | D        | Found Nomom's Armour Emporium.
  2759 | D        | Found Wocen's Book Shoppe.
  2836 | D        | Bought a heavily runed scale mail for 198 gold pieces
  2836 | D        | Identified the +5 scale mail of the Hart {Dex+7} (You
                  | bought it in a shop in the Dungeon)
  2858 | D        | Gained mutation: Your magical capacity is low. (-10% MP)
                  | [mutagenic glow]
  2925 | D        | Noticed Agnes
  2930 | D        | Found Daox's Magic Scroll Emporium.
  2930 | D        | Noticed a spriggan berserker
  2933 | D        | Noticed an elephant
  2940 | D        | Killed Agnes
  2941 | D        | Reached skill level 17 in Maces & Flails
  2944 | D        | Killed a spriggan berserker
  2944 | D        | Received a gift from Trog
  3200 | D        | Found Vimicren's Antique Weapon Shoppe.
  3204 | D        | Noticed a spriggan defender
  3216 | D        | Killed a spriggan defender
  3217 | D        | Reached skill level 15 in Fighting
  3217 | D        | Reached skill level 10 in Armour
  3217 | D        | Reached XP level 11. HP: 81/112 MP: 8/8
  3412 | D        | Bought a scroll of identify for 20 gold pieces
  3433 | D        | Noticed a spriggan rider
  3872 | D        | Found Zoenua's Antique Armour Shoppe.
  3872 | D        | Found Quudghome's Weapon Boutique.
  3872 | D        | Found Damin's Jewellery Emporium.
  3890 | D        | Slain by a ghost moth

Illustrated notes

Levels and vault maps discovered:
D:        dungeon_sprint_fedhas [sprint_temple]

Skill      XL: |  1  2  3  4  5  6  7  8  9 10 11 |
---------------+----------------------------------+-----
Fighting       | 4 5 7 8 9 11 12 13 14 15 | 15.4
Maces & Flails | 4 6 7 8 10 12 13 14 16 17 | 17.5
Armour         | 3 4 5 6 10 | 10.8
Dodging        | 3 4 6 7 8 9 |  9.2
Evocations     | 1 3 5 6 8 9 |  9.8
Stealth        | 2 3 5 6 8 9 |  9.1

Action                   |  1- 3 |  4- 6 |  7- 9 | 10-12 || total
-------------------------+-------+-------+-------+-------++-------
Melee: Mace              |     8 |    31 |    12 |       ||    51
       Headbutt          |     1 |     9 |     9 |    13 ||    32
       Great mace        |       |       |    21 |       ||    21
       Dire flail        |       |       |     7 |    58 ||    65
Invok: Berserk           |     3 |     7 |     7 |     6 ||    23
       Brothers in Arms  |       |       |       |     3 ||     3
       Trog's Hand       |       |       |       |     1 ||     1
 Abil: Evoke Invisibilit |       |     4 |     4 |     1 ||     9
  Use: Potion            |       |     2 |       |       ||     2
       Scroll            |       |       |       |     3 ||     3
 Stab: Invisible         |       |     5 |     3 |     1 ||     9
       Sleeping          |       |     1 |     2 |       ||     3
Armor: Animal skin       |       |     1 |     1 |       ||     2
       Scale mail        |       |       |       |    18 ||    18
Dodge: Dodged            |     4 |    23 |     6 |    30 ||    63

Table legend: (Time is in decaauts)
 A = Elapsed time spent in this place.
 B = Non-inter-level travel time spent in this place.
 C = Inter-level travel time spent in this place.
 D = Time resting spent in this place.
 E = Time spent auto-exploring this place.
 F = Levels seen in this place.
 G = Mean time per level.
                   A        B        C        D        E       F      G
               +--------+--------+--------+--------+--------+-----+--------+
         Total |   4062 |   3951 |    111 |   3231 |     10 |   1 | 4062.0 |
       Dungeon |   4062 |   3951 |    111 |   3231 |     10 |   1 | 4062.0 |
               +--------+--------+--------+--------+--------+-----+--------+

Top non-repeatable levels by time:
       D: 4062 daAuts
